 Dungeon Crawl Stone Soup version 0.20.0-15-g7f486f2 (webtiles) character file.

134557 torrenera the Grappler (level 16, -16/162 HPs)
             Began as a Troll Earth Elementalist on June 30, 2017.
             Was an Elder of Okawaru.
             Blown up by an orb spider (49 damage)
             ... with an orb of destruction
             ... on level 1 of the Spider Nest.
             The game lasted 01:54:58 (31105 turns).

torrenera the Grappler (Troll Earth Elementalist)  Turns: 31105, Time: 01:54:59

Health: -16/162    AC: 22    Str: 21    XL:     16   Next: 62%
Magic:  21/21      EV:  6    Int: 17    God:    Okawaru [****..]
Gold:   478        SH:  3    Dex: 11    Spells: 4/17 levels left

rFire    + + .     SeeInvis .     - Unarmed
rCold    + + .     Gourm    +   (no shield)
rNeg     . . .     Faith    .   I - +0 gold dragon scales
rPois    +         Spirit   .   V - +0 hat {MR+}
rElec    .         Reflect  +   b - scarf {rC+ rF+}
rCorr    +         Harm     .   (gloves unavailable)
MR       +++..                  (boots unavailable)
Stlth    ..........             l - +3 amulet of reflection
Regen    0.8/turn               D - ring of the Octopus King {rCorr AC+1 EV+1 Str+1 Int+1 Dex+1}
MPRegen  0.2/turn               R - ring of protection from magic

@: lethally poisoned (-16 -> -17)
A: unfitting armour, claws 3, fast metabolism 3, gourmand, regeneration 1,
shaggy fur 1, tough skin 2
a: Heroism, Renounce Religion


You were on level 1 of the Spider Nest.
You worshipped Okawaru.
Okawaru was greatly pleased with you.
You were full.

You visited 6 branches of the dungeon, and saw 26 of its levels.
You visited the Abyss 1 time.
You also visited: Sewer.

You collected 2558 gold pieces.
You spent 2080 gold pieces at shops.

Inventory:

Missiles
 j - 26 large rocks (quivered)
 m - 11 javelins
 r - 2 poisoned javelins
 B - 35 tomahawks
 S - 8 javelins of returning
Armour
 b - a scarf of resistance (worn)
 c - a scarf of cloud immunity
 I - +0 gold dragon scales (worn)
 V - a +0 hat of magic resistance (worn)
Jewellery
 l - a +3 amulet of reflection (around neck)
 D - a ring of the Octopus King (left claw) {rCorr AC+1 EV+1 Str+1 Int+1 Dex+1}
   (You found it on level 13 of the Dungeon)

   [ring of resist corrosion]

   It affects your AC (+1).
   It affects your evasion (+1).
   It affects your strength (+1).
   It affects your intelligence (+1).
   It affects your dexterity (+1).
 F - an uncursed ring of see invisible
 L - an uncursed ring of teleportation
 R - a ring of protection from magic (right claw)
 X - an uncursed ring of fire
Wands
 z - a wand of digging (10/24)
 G - a wand of clouds (3/9)
 M - a wand of digging (1/24)
 Q - a wand of paralysis (12/24)
Scrolls
 a - 2 scrolls of silence
 h - 2 scrolls of immolation
 n - 6 scrolls of remove curse
 o - 7 scrolls of teleportation
 t - 4 scrolls of noise
 u - a scroll of summoning
 w - 2 scrolls of fear
 y - a scroll of vulnerability
 O - 4 scrolls of magic mapping
 P - 3 scrolls of fog
 Y - 4 scrolls of blinking
Potions
 f - 2 potions of haste
 g - 6 potions of curing
 i - 7 potions of flight
 k - a potion of lignification
 q - a potion of ambrosia
 A - 4 potions of agility
 C - 4 potions of invisibility
 H - a potion of cancellation
 K - a potion of might
 T - 4 potions of resistance
 U - 4 potions of heal wounds
 Z - a potion of berserk rage
Books
 e - Ojutin's Papyrus of Glacial Contamination
   (You found it on level 1 of the Spider Nest)

   Spells                             Type                      Level
   a - Sting                          Conjuration/Poison           1
   b - Throw Frost                    Conjuration/Ice              2
   c - Ensorcelled Hibernation        Hexes/Ice                    2
   d - Poisonous Vapours              Poison/Air                   2
   e - Metabolic Englaciation         Hexes/Ice                    5
   f - Simulacrum                     Ice/Necromancy               6
Comestibles
 d - 11 bread rations


   Skills:
 - Level 11.3 Fighting
 - Level 5.0 Throwing
 - Level 12.0 Armour
 - Level 10.1 Dodging
 - Level 1.0 Stealth
 - Level 13.3 Unarmed Combat
 - Level 1.2 Spellcasting
 + Level 1.8 Transmutations
 - Level 11.1 Earth Magic
 - Level 8.2 Invocations


You had 4 spell levels left.
You knew the following spells:

 Your Spells              Type           Power        Failure   Level  Hunger
a - Sandblast             Erth           #####.       14%         1    ##.....
b - Blink                 Tloc           N/A          100%        2    ###....
c - Petrify               Tmut/Erth      ###.....     100%        4    #####..
d - Statue Form           Tmut/Erth      ###......    100%        6    #######


Dungeon Overview and Level Annotations

Branches:
Dungeon (15/15)            Temple (1/1) D:4            Lair (6/6) D:9
 Shoals (0/4) Lair:2       Spider (1/4) Lair:2        Slime (0/5) Lair:5
    Orc (2/2) D:12            Elf (1/3) Orc:2        Vaults (0/5) D:13
 Depths (0/5) D:15

Altars:
Ashenzari
Cheibriados
Dithmenos
Elyvilon
Fedhas
Gozag
Hepliaklqana
Kikubaaqudgha
Makhleb
Nemelex Xobeh
Okawaru
Qazlal
Ru
Sif Muna
Uskayaw
Vehumet
Xom
Yredelemnul
Zin
The Shining One
Beogh

Shops:
D:5 *   D:15 (!*(   Orc:2 %!:[

Portals:
Pandemonium: Orc:2
Bazaar: Elf:1

Annotations:
D:15 exclusion: obsidian statue
Lair:5 exclusion: 3 oklob plants


Innate Abilities, Weirdness & Mutations

You are too large for most types of armour.
You have claws for hands.
Your metabolism is lightning-fast.
You like to eat raw meat.
Your natural rate of healing is unusually fast.
You are covered in fur. (AC +1)
You have very tough skin. (AC +2)


Message History

The wolf spider hits you but does no damage.
The wolf spider bites you but does no damage.
The orb spider weaves a glowing orb of energy.
An orb of destruction comes into view.
You closely miss the wolf spider. You claw the wolf spider!!
The wolf spider is moderately wounded.
The redback bites you!
* * * LOW HITPOINT WARNING * * *
The wolf spider hits you.
* * * LOW HITPOINT WARNING * * *
The wolf spider bites you but does no damage.
Unknown command.
You mangle the redback!!
The redback is severely wounded.
You feel sick. The redback bites you!
* * * LOW HITPOINT WARNING * * *
The wolf spider hits you but does no damage.
The wolf spider bites you but does no damage.
The orb of destruction hits you!
You die...

#.####...##s..†...#...###..#.
#.########........#..##....##
####....#..####..#...#..#....(..
##.##.......#.....#...#######...$
#.......>........##...#......(...
#....#.#.###..†.##....#.....3.#.#
####.#####....#.#ss..##.....3(###
### ##...###ss#%#...##@4...#
#...#..#@ss###..##..§..##
#...######§...#.##..(#..^! #..#
..s..###....#.#.. #.#
...#...##.#..###.. ##
..#.#..#####.## .. #..###...# ###
. #.. #..# ## ..#


You could see a wolf spider, an orb spider, a jumping spider and 4 redbacks.

Vanquished Creatures
  Frances (Spider:1)
  A tengu reaver (D:13)
  A storm dragon (D:13)
  Kirke (Lair:5)
  Agnes (D:14)
  Donald (Elf:1)
  An azure jelly (Lair:5)
  Roxanne (D:14)
  A fire giant (D:13)
  A deep elf sorcerer (Elf:1)
  An emperor scorpion (Lair:2)
  An orc warlord (Orc:1)
  Louise (Elf:1)
  Nessos (Lair:5)
  Azrael (Spider:1)
  An ettin (Orc:1)
  A deep elf high priest (Elf:1)
  6 hydras
  A centaur warrior (D:14)
  3 catoblepae (Lair:6)
  7 two-headed ogres
  2 death knights
  8 death yaks
  A tengu warrior (D:15)
  7 orc high priests (Orc:2)
  The ghost of polve the Carver, a journeyman VSFi of Hepliaklqana (D:10)
  Urug (D:12)
  5 deep elf knights (Elf:1)
  6 skeletal warriors
  An unseen horror (D:14)
  A gelid demonspawn (Orc:2)
  A torturous demonspawn (Orc:2)
  2 deep elf archers (Elf:1)
  A death drake (shapeshifter) (D:14)
  An orange crystal statue (D:11)
  2 phantasmal warriors (D:12)
  6 orc knights (Orc:2)
  2 wizards (D:13)
  A wolf spider zombie (D:15)
  3 manticores
  5 orb spiders (Spider:1)
  4 wolf spiders
  The ghost of polve the Basher, a novice DsBe of Trog (D:5)
  5 orc sorcerers
  5 ugly things
  A salamander (shapeshifter) (D:15)
  20 deep elf magi
  2 centaur zombies
  6 cyclopes
  A black mamba (shapeshifter) (D:15)
  5 black mambas
  A rust devil (Orc:2)
  Psyche (D:9)
  2 orange demons (Orc:2)
  3 torpor snails
  11 spiny frogs
  7 komodo dragons
  2 kobold demonologists (D:12)
  A hellwing (Orc:2)
  2 rime drakes
  2 demonic crawlers
  8 trolls
  A red devil (Orc:2)
  4 freezing wraiths
  A tengu conjurer (D:15)
  5 jumping spiders
  A polar bear (Lair:6)
  7 blink frogs
  4 slime creatures (D:15)
  7 hippogriffs
  2 water elementals (Elf:1)
  5 wyverns
  Sigmund (D:6)
  10 tarantellas
  3 wraiths
  10 redbacks (Spider:1)
  3 hogs (Lair:5)
  A vampire (D:11)
  5 basilisks
  29 yaks
  A fire elemental (Lair:2)
  A steam dragon (D:11)
  A neqoxec (Orc:2)
  5 vampire mosquitoes
  Edmund (D:6)
  Menkaure (D:4)
  3 wargs (Orc:1)
  A soldier ant (D:12)
  17 water moccasins
  2 acid dragons
  7 porcupines
  6 hell hounds
  5 sky beasts
  45 orc warriors
  2 black bears
  A necrophage (D:9)
  An eye of draining (shapeshifter) (D:15)
  3 phantoms
  6 ice beasts
  2 eyes of draining
  12 ogres
  9 centaurs
  4 wolves (Lair:1)
  5 boggarts (D:15)
  6 crocodiles
  3 big kobolds (D:12)
  Blork the orc (D:6)
  21 bullfrogs
  A wyvern zombie (D:13)
  2 earth elementals (Elf:1)
  4 scorpions
  9 killer bees (D:11)
  7 wights
  5 electric eels
  4 jellies
  3 howler monkeys
  14 crimson imps
  A quasit (D:10)
  3 iron imps (D:4)
  Crazy Yiuf (D:4)
  2 bullfrog skeletons (D:10)
  4 centaur skeletons
  32 orc priests
  2 gnoll shamans
  4 hounds
  Jessica (D:2)
  6 iguanas
  4 hell rats (Lair:4)
  25 orc wizards
  11 worker ants
  2 killer bee zombies
  A hound zombie (D:7)
  A hound skeleton (D:4)
  A howler monkey zombie (D:9)
  A worker ant zombie (D:11)
  14 gnolls
  13 adders
  9 shadow imps
  5 oozes
  An adder skeleton (D:4)
  A worm (D:2)
  2 dart slugs
  11 leopard geckos
  114 orcs
  10 giant cockroaches
  8 goblins
  10 hobgoblins
  15 jackals
  14 kobolds
  8 quokkas
  3 ball pythons
  12 bats
  9 frilled lizards
  6 rats
868 creatures vanquished.

Vanquished Creatures (others)
  A redback (Spider:1)
  An orc (D:10)
  4 fungi
  2 plants
8 creatures vanquished.

Grand Total: 876 creatures vanquished

Notes
Turn   | Place    | Note
-------+----------+-------------------------------------------
     0 | D:1      | torrenera the Troll Earth Elementalist began the quest for the Orb.
     0 | D:1      | Reached XP level 1. HP: 16/16 MP: 1/1
    80 | D:1      | Reached skill level 1 in Unarmed Combat
   130 | D:1      | Reached XP level 2. HP: 15/24 MP: 2/2
   160 | D:1      | Reached skill level 2 in Unarmed Combat
   358 | D:1      | Reached XP level 3. HP: 31/31 MP: 3/3
   597 | D:1      | Reached skill level 3 in Unarmed Combat
   999 | D:2      | Reached XP level 4. HP: 37/39 MP: 4/4
  1205 | D:2      | Reached skill level 4 in Unarmed Combat
  1319 | D:2      | Noticed Jessica
  1327 | D:2      | Killed Jessica
  1405 | D:2      | Reached XP level 5. HP: 45/45 MP: 5/5
  1732 | D:3      | Found a sacrificial altar of Ru.
  2044 | D:3      | Reached skill level 5 in Unarmed Combat
  2722 | D:4      | Reached XP level 6. HP: 46/53 MP: 6/6
  2751 | D:4      | Reached skill level 6 in Unarmed Combat
  2776 | D:4      | Found a white marble altar of Elyvilon.
  2910 | D:4      | Noticed Menkaure
  2918 | D:4      | Killed Menkaure
  3081 | D:4      | Reached skill level 7 in Unarmed Combat
  3530 | D:4      | Found a burning altar of Makhleb.
  3551 | D:4      | Reached XP level 7. HP: 52/59 MP: 7/7
  3581 | D:4      | Found a staircase to the Ecumenical Temple.
  3593 | Temple   | Entered the Ecumenical Temple
  3682 | Temple   | Became a worshipper of Warmaster Okawaru
  3794 | D:4      | Found a runed door.
  3798 | D:4      | Noticed Crazy Yiuf
  3824 | D:4      | Killed Crazy Yiuf
  3994 | D:5      | Entered Level 5 of the Dungeon
  3998 | D:5      | Found a glowing drain.
  4008 | D:5      | Noticed polve's ghost (novice DsBe)
  4023 | Sewer    | Entered a sewer
  4547 | D:5      | Found a sacrificial altar of Ru.
  4577 | D:5      | Reached skill level 8 in Unarmed Combat
  4651 | D:5      | Killed polve's ghost
  4651 | D:5      | Reached * piety under Okawaru
  4651 | D:5      | Reached skill level 9 in Unarmed Combat
  4651 | D:5      | Reached XP level 8. HP: 67/67 MP: 8/8
  4681 | D:5      | Found a radiant altar of Vehumet.
  4888 | D:5      | Found Fuczui's General Store.
  4894 | D:5      | Reached skill level 10 in Unarmed Combat
  5096 | D:5      | Reached ** piety under Okawaru
  5171 | D:5      | Found a glowing golden altar of the Shining One.
  5396 | D:6      | Noticed Sigmund
  5433 | D:6      | Noticed Edmund
  5439 | D:6      | Killed Edmund
  5460 | D:6      | Reached skill level 11 in Unarmed Combat
  5476 | D:6      | Noticed Blork the orc
  5480 | D:6      | Killed Blork the orc
  5762 | D:6      | Reached XP level 9. HP: 74/74 MP: 6/9
  5818 | D:6      | Killed Sigmund
  6048 | D:6      | Reached skill level 12 in Unarmed Combat
  6061 | D:6      | Reached *** piety under Okawaru
  6236 | D:6      | Reached skill level 1 in Fighting
  6645 | D:7      | Reached **** piety under Okawaru
  6712 | D:7      | Found a transporter.
  6750 | D:7      | Found a deep blue altar of Sif Muna.
  6878 | D:7      | Noticed a kobold demonologist
  6927 | D:8      | Reached skill level 5 in Fighting
  7215 | D:8      | Reached XP level 10. HP: 94/98 MP: 10/10
  7751 | D:9      | Noticed Psyche
  7771 | D:9      | Killed Psyche
  7929 | D:9      | Learned a level 2 spell: Blink
  7934 | D:9      | Learned a level 4 spell: Petrify
  8071 | D:9      | Found a staircase to the Lair.
  8499 | D:10     | Entered Level 10 of the Dungeon
  8531 | D:10     | Reached skill level 5 in Dodging
  8531 | D:10     | Reached XP level 11. HP: 117/117 MP: 11/11
  8611 | D:10     | Reached ***** piety under Okawaru
  8698 | D:10     | Noticed a two-headed ogre
  8711 | D:10     | Killed a two-headed ogre
  8711 | D:10     | Reached skill level 10 in Fighting
  8808 | D:10     | Received a gift from Okawaru
  9825 | D:10     | Noticed polve's ghost (journeyman VSFi)
  9840 | D:10     | Killed polve's ghost
 10493 | D:12     | Noticed a purple ugly thing
 10502 | D:12     | Noticed Urug
 10567 | D:11     | Reached XP level 12. HP: 130/130 MP: 12/12
 10804 | Lair:1   | Entered Level 1 of the Lair of Beasts
 10807 | Lair:1   | Reached skill level 1 in Invocations
 11830 | Lair:2   | Found a basalt altar of Yredelemnul.
 11834 | Lair:2   | Noticed a five-headed hydra
 12340 | Lair:2   | Reached skill level 5 in Invocations
 12872 | Lair:2   | Found a staircase to the Shoals.
 13024 | Lair:2   | Found a hole to the Spider Nest.
 13310 | Lair:3   | Noticed a death yak
 13321 | Lair:3   | Killed a death yak
 14032 | Lair:4   | Received a gift from Okawaru
 14033 | Lair:4   | Got encrusted quicksilver dragon scales {god gift}
 14044 | Lair:4   | Identified the quicksilver dragon scales of Weirdness {MR+ Regen+} (Okawaru gifted it to you on level 4 of the Lair of Beasts)
 15081 | Lair:5   | Noticed a seven-headed hydra
 15182 | Lair:2   | Reached XP level 13. HP: 107/137 MP: 15/18
 15691 | Lair:5   | Noticed Kirke
 16345 | Lair:5   | Noticed Nessos
 16376 | Lair:5   | Killed Nessos
 16382 | Lair:5   | Killed Kirke
 16382 | Lair:5   | Reached skill level 10 in Dodging
 16553 | Lair:5   | Noticed an azure jelly
 16570 | Lair:5   | Killed an azure jelly
 16829 | Lair:5   | Found a staircase to the Slime Pits.
 16912 | Lair:6   | Entered Level 6 of the Lair of Beasts
 17584 | Lair:6   | Reached skill level 5 in Armour
 18130 | Lair:6   | Received a gift from Okawaru
 18149 | Lair:6   | Got a translucent demon blade {god gift}
 18244 | Lair:6   | Reached XP level 14. HP: 146/146 MP: 19/19
 18296 | Lair:6   | Reached ****** piety under Okawaru
 18608 | Lair:6   | Identified the +4 demon blade of the Thoughtful Princes {venom, rN+} (Okawaru gifted it to you on level 6 of the Lair of Beasts)
 19046 | D:12     | Killed Urug
 19498 | D:11     | Received a gift from Okawaru
 19909 | D:12     | Found a staircase to the Orcish Mines.
 19924 | D:12     | Cast into level 1 of the Abyss (big kobold)
 19930 | D:12     | Escaped the Abyss
 20303 | Orc:1    | Entered Level 1 of the Orcish Mines
 20544 | Orc:1    | Received a gift from Okawaru
 20545 | Orc:1    | Got a smoking bardiche {god gift}
 20849 | Orc:2    | Entered Level 2 of the Orcish Mines
 20931 | Orc:2    | Reached skill level 10 in Armour
 21107 | Orc:2    | Noticed an orc warlord
 21317 | Orc:1    | Killed an orc warlord
 21610 | Orc:2    | Found a staircase to the Elven Halls.
 21837 | Orc:2    | Found Zuxtet's Distillery.
 21901 | Orc:2    | Found Engaifad's Food Shoppe.
 22545 | Orc:2    | Received a gift from Okawaru
 22584 | Orc:2    | Reached XP level 15. HP: 94/153 MP: 20/20
 22609 | Orc:2    | Received a gift from Okawaru
 22676 | Orc:2    | Found Ziariynk's Antique Armour Shop.
 22676 | Orc:2    | Found a one-way gate leading to the halls of Pandemonium.
 22676 | Orc:2    | Found Miutiug's Book Boutique.
 22773 | Orc:2    | Bought gold dragon scales for 2000 gold pieces
 23406 | D:13     | Found a sacrificial altar of Ru.
 23802 | D:13     | Found a runed door.
 23890 | D:13     | Noticed a fire giant
 23890 | D:13     | Noticed a tengu reaver
 23890 | D:13     | Noticed a storm dragon
 23978 | D:13     | Found a gate to the Vaults.
 24097 | D:13     | Killed a tengu reaver
 24097 | D:13     | Reached skill level 13 in Unarmed Combat
 24101 | D:13     | Killed a fire giant
 24101 | D:13     | Received a gift from Okawaru
 24203 | D:13     | Killed a storm dragon
 24225 | D:13     | Got a ring of the Octopus King
 24229 | D:13     | Identified a ring of the Octopus King {rCorr AC+1 EV+1 Str+1 Int+1 Dex+1} (You found it on level 13 of the Dungeon)
 24296 | D:14     | Reached skill level 1 in Throwing
 24308 | D:14     | Noticed Roxanne
 24334 | D:14     | Killed Roxanne
 24646 | D:14     | Found a roughly hewn altar of Beogh.
 24693 | D:14     | Noticed Agnes
 24710 | D:14     | Killed Agnes
 24828 | D:14     | Received a gift from Okawaru
 24828 | D:14     | Reached skill level 5 in Throwing
 24850 | D:14     | Learned a level 6 spell: Statue Form
 25175 | D:15     | Entered Level 15 of the Dungeon
 25201 | D:15     | Found Qotutz's Weapon Shoppe.
 25423 | D:15     | Found a shimmering altar of Xom.
 25509 | D:15     | Found Wiaphefau's Weapon Emporium.
 25572 | D:15     | Found Dana's General Store.
 25573 | D:15     | Found Qehog's Distillery.
 25587 | D:15     | Bought a potion of heal wounds for 80 gold pieces
 25700 | D:15     | Reached skill level 5 in Earth Magic
 25958 | D:15     | Found a staircase to the Depths.
 26583 | Lair:2   | Identified a scroll of acquirement
 26923 | Spider:1 | Entered Level 1 of the Spider Nest
 26923 | Spider:1 | Noticed Azrael
 27098 | Spider:1 | Killed Azrael
 27106 | Spider:1 | Reached XP level 16. HP: 105/162 MP: 14/21
 27779 | Lair:6   | Got a smoking robe
 27790 | Lair:6   | Identified the +1 robe of Hepliaklqana's Delight {rF+} (You found it on level 6 of the Lair of Beasts)
 28593 | Elf:1    | Entered Level 1 of the Elven Halls
 28807 | Elf:1    | Found a flickering gateway to a bazaar.
 28896 | Elf:1    | Found a radiant altar of Vehumet.
 29052 | Elf:1    | Received a gift from Okawaru
 29273 | Elf:1    | Noticed Louise
 29292 | Elf:1    | Killed Louise
 29428 | Elf:1    | Noticed Donald
 29438 | Elf:1    | Killed Donald
 29438 | Elf:1    | Reached skill level 10 in Earth Magic
 30342 | Spider:1 | Noticed Frances
 30361 | Spider:1 | Identified Ojutin's Papyrus of Glacial Contamination
 30581 | Spider:1 | Killed Frances
 30618 | Spider:1 | Received a gift from Okawaru
 30912 | Spider:1 | Reached skill level 1 in Transmutations
 31105 | Spider:1 | Blown up by an orb spider

Skill      XL: |  1  2  3  4  5  6  7  8  9 10 11 12 13 14 15 16 |
---------------+-------------------------------------------------+-----
Unarmed Combat | 1 2 3 4 5 7 9 11 12 13 | 13.3
Fighting       | 5 9 11 | 11.3
Dodging        | 5 6 8 10 | 10.1
Invocations    | 8 |  8.2
Armour         | 7 11 12 | 12.0
Throwing       | 5 |  5.0
Earth Magic    | 7 11 | 11.1
Transmutations | 1 |  1.8
Stealth        | |  1.0
Spellcasting   | |  1.2

Action                   |  1- 3 |  4- 6 |  7- 9 | 10-12 | 13-15 | 16-18 || total
-------------------------+-------+-------+-------+-------+-------+-------++-------
Melee: Unarmed           |   104 |   203 |   353 |   567 |  1537 |   411 ||  3175
       Punch             |       |     3 |    21 |    27 |   106 |    26 ||   183
Throw: Stone             |       |       |    13 |   143 |    67 |       ||   223
       Large rock        |       |       |       |       |    42 |    17 ||    59
Invok: Heroism           |       |       |     2 |     6 |    37 |    12 ||    57
       Finesse           |       |       |       |       |    16 |     1 ||    17
 Abil: Evoke Berserk Rag |       |       |     2 |       |       |       ||     2
Evoke: Wand              |       |       |     1 |     7 |    25 |     1 ||    34
  Use: Scroll            |       |       |    14 |    17 |    13 |     1 ||    45
       Potion            |       |       |       |     1 |     1 |     6 ||     8
 Stab: Sleeping          |     5 |     2 |       |     3 |       |       ||    10
       Paralysed         |       |       |     1 |       |    16 |       ||    17
       Distracted        |       |       |       |       |       |     1 ||     1
  Eat: Chunk             |    15 |    23 |    36 |    68 |   108 |    29 ||   279
       Bread ration      |       |       |       |       |       |     2 ||     2
Armor: Robe              |    34 |    66 |    86 |    86 |       |     9 ||   281
       Quicksilver drago |       |       |       |    18 |   557 |    97 ||   672
       Skin              |       |       |       |       |    10 |       ||    10
       Gold dragon scale |       |       |       |       |       |   119 ||   119
Dodge: Dodged            |    47 |    90 |   114 |   234 |   805 |   232 ||  1522
Block: Other             |       |       |    10 |    45 |   130 |    42 ||   227
       Reflection        |       |       |     1 |       |     3 |     1 ||     5
